 Dungeon Crawl Stone Soup version 0.29.1-12-g30fa7ad0bf (webtiles) character file.

Game seed: 6373090679012126205

57 concernfroge the Trooper (level 3, 0/31 HPs)
             Began as a Mummy Monk on Dec 18, 2022.
             Slain by Natasha (3 damage)
             ... on level 2 of the Dungeon.
             The game lasted 00:05:30 (1794 turns).

concernfroge the Trooper (Mummy Monk)               Turns: 1794, Time: 00:05:31

Health: 0/31       AC:  3    Str: 16    XL:     3   Next: 73%
Magic:  3/3        EV: 12    Int:  9    God:
Gold:   77         SH:  0    Dex: 14    Spells: 2/2 levels left

rFire   x . .      SeeInvis .   a - +0 spear
rCold   + . .      Faith    .   (no shield)
rNeg    + + +      Spirit   .   e - +0 leather armour
rPois   ∞          Reflect  .   (no helmet)
rElec   .          Harm     .   (no cloak)
rCorr   .          Rampage  .   (no gloves)
Will    .....                   (no boots)
Stlth   ++........              (no amulet)
HPRegen 0.10/turn               (no ring)
MPRegen 0.08/turn               (no ring)

@: slowed, very slow
A: cold resistance 1, negative energy resistance 3, torment resistance 2, heat
vulnerability 1, in touch with death 1, no potions
a: no special abilities


You were on level 2 of the Dungeon.
You visited 1 branch of the dungeon, and saw 2 of its levels.

You collected 77 gold pieces.

Inventory:

Hand Weapons
 a - a +0 spear (weapon)
Missiles
 c - 7 poisoned darts (quivered)
Armour
 e - a +0 leather armour (worn)
Jewellery
 f - a ring of ice


   Skills:
 + Level 4.7 Fighting
 - Level 2.4 Polearms
 - Level 2.4 Dodging
 - Level 1.5 Stealth


You had 2 spell levels left.
You didn't know any spells.
Your spell library was empty.

Dungeon Overview and Level Annotations

Branches:
Dungeon (2/15)

Altars:
Sif Muna

Shops:
D:1 (

Annotations:
D:2 Jessica, Natasha


Innate Abilities, Weirdness & Mutations

You are immune to poison.
Your flesh is cold resistant. (rC+)
You are immune to negative energy. (rN+++)
You are immune to unholy pain and torment.
You are vulnerable to heat. (rF-)
You are in touch with the powers of death.
You do not drink.


Message History

The magic dart hits you.
Throw: 8 darts (poison)
Press: ? - help, Q - select action Shift-Dir - straight line, f - Natasha
Aim: Natasha (53% to hit)
You throw a poisoned dart.
The poisoned dart barely misses Natasha.
Natasha claws you.
You completely miss Natasha. Natasha claws you.
You aren't carrying any scrolls.
You aren't carrying any items that you can evoke.
Natasha attacks as you move away! Natasha misses you.
Natasha extends her claws.
Natasha wildly gestures.
Natasha glows brightly for a moment.
Natasha stares at you and mumbles some strange words.
You feel yourself slow down. Natasha casts a spell at you.
The magic dart hits you.
Natasha casts a spell.
Natasha attacks as you move away! Natasha claws you.
* * * LOW HITPOINT WARNING * * *
Natasha howls an incantation.
Natasha shimmers violently.
Natasha stares at you and mumbles some strange words.
The magic dart hits you.
* * * LOW HITPOINT WARNING * * *
The crimson imp shouts, "Turn tail, thou grime-gilt fraying whip-jack!"
The crimson imp blinks!
Natasha stares at you and mumbles some strange words.
The magic dart hits you.
* * * LOW HITPOINT WARNING * * *
Natasha stares at you and mumbles some strange words.
You feel as though you will be slow longer.
You see here a scroll labelled JIOSAB VOCOFE.
b - a scroll labelled JIOSAB VOCOFE Natasha misses you.
The air fills with toxic fumes!
As you read the scroll labelled JIOSAB VOCOFE, it crumbles to dust.
It was a scroll of poison.
Natasha claws you.
You die...

#.#.......##.#
......>.### # #§#
#.###...# #.# #§#
#.# ##.## ##.# #§#
#.# #.# ##§.# #§#
..# #.###§§§###§#
..####.##§§§§§##§#
.........§§§§§§#§#
..####...§§§5§§h@#
### ###.§§§§§§###
#.§§§§§##
##.#§§§##
#######..##§##
.......#.##.#
##.....h?...#
#...[....####
.........#


You could see Natasha and a crimson imp (summoned).

Vanquished Creatures
  2 adders
  A worm (D:2)
  A dart slug (D:1)
  A bat (D:1)
  5 endoplasms
  3 giant cockroaches
  4 goblins (D:1)
  2 hobgoblins (D:1)
  2 quokkas (D:2)
  3 ball pythons (D:1)
  A frilled lizard (D:1)
  4 kobolds
  3 rats (D:1)
32 creatures vanquished.

Notes
Turn   | Place    | Note
-------+----------+-------------------------------------------
     0 | D:1      | concernfroge the Mummy Monk began the quest for the Orb.
     0 | D:1      | Reached XP level 1. HP: 18/18 MP: 1/1
   183 | D:1      | Reached XP level 2. HP: 14/24 MP: 2/2
   614 | D:1      | Reached skill level 4 in Fighting
   800 | D:1      | Found Zugij's Antique Weapon Emporium.
   912 | D:2      | Found a shimmering blue altar of Sif Muna.
  1239 | D:1      | Gained mutation: You are in touch with the powers of death.
                  | [Mummy growth]
  1239 | D:1      | Reached XP level 3. HP: 20/31 MP: 3/3
  1642 | D:2      | Noticed Jessica
  1777 | D:2      | Noticed Natasha
  1794 | D:2      | Slain by Natasha

Illustrated notes

Levels and vault maps discovered:
D:1:      scummos_arrival_simple_crosswalls, layout_basic, serial_shops,
          nicolae_shop_advertising_works [nicolae_subvault_shop_adworks]
D:2:      layout_loops_ring, basic_altar, uniq_natasha, uniq_jessica

Skill      XL: |  1  2 |
---------------+-------+-----
Fighting       | 4 |  4.7
Polearms       | |  2.4
Dodging        | |  2.4
Stealth        | |  1.5

Action                   || total
-------------------------++-------
Melee: Spear             ||   131
       Punch             ||     1
Throw: Dart              ||    35
  Use: Scroll            ||     3
 Stab: Sleeping          ||     3
Armor: Robe              ||     5
       Leather armour    ||    18
Dodge: Dodged            ||    52
